 Dungeon Crawl Stone Soup version 0.19.4-8-ga85b6b9 (webtiles) character file.

112992 Jynx the Warrior (level 16, -1/159 HPs)
             Began as a Minotaur Fighter on Feb 11, 2017.
             Was the Champion of Okawaru.
             Slain by a wolf spider (14 damage)
             ... on level 1 of the Spider Nest.
             The game lasted 01:10:17 (27913 turns).

Jynx the Warrior (Minotaur Fighter)                Turns: 27913, Time: 01:10:17

Health: -1/159     AC: 27    Str: 23    XL:     16   Next: 13%
Magic:  22/22      EV:  7    Int:  6    God:    Okawaru [******]
Gold:   2098       SH: 15    Dex: 20    Spells: 1 memorised, 13 levels left

rFire  + . .     SeeInvis +     R - +5 scimitar of the Gloaming {slice, Fragile rF++ Dex+3}
rCold  + . .     Gourm    +     y - +2 plate armour {rC+}
rNeg   + . .     Faith    .     c - +0 shield
rPois  +         Spirit   .     W - +1 hat {SInv}
rElec  +         Reflect  .     o - +2 cloak
rCorr  .         Harm     .     Z - +0 pair of gloves {Dex+3}
MR     +....                    h - +1 pair of boots of Valour {rPois rN+ Regen+ Int-2}
Stlth  ..........               x - amulet of the gourmand
                                (no ring)
                                V - ring of Elusaopn {+Blink rElec rF- Int+2}

@: studying Fighting
A: retaliatory headbutt, horns 2
a: Heroism, Finesse, Renounce Religion, Evoke Blink


You were on level 1 of the Spider Nest.
You worshipped Okawaru.
Okawaru was exalted by your worship.
You were very full.

You visited 5 branches of the dungeon, and saw 25 of its levels.
You also visited: Labyrinth and Ossuary.

You collected 2716 gold pieces.
You spent 618 gold pieces at shops.

Inventory:

Hand Weapons
 i - the +7 long sword of Teorosut {drain, rF+ Str+4 Dex+4}
   (Okawaru gifted it to you on level 3 of the Lair of Beasts)

   A truly terrible weapon, it drains the life of those it strikes.
   It affects your strength (+4).
   It affects your dexterity (+4).
   It protects you from fire.
 R - the +5 scimitar of the Gloaming (weapon) {slice, Fragile rF++ Dex+3}
   (You bought it in a shop on level 9 of the Dungeon)

   It inflicts extra damage upon your enemies.
   It affects your dexterity (+3).
   It greatly protects you from fire.
   It will be destroyed if unequipped.
 U - the +7 falchion of Dominance {venom, rN+}
   (Okawaru gifted it to you on level 1 of the Lair of Beasts)

   It poisons the flesh of those it strikes.
   It protects you from negative energy.
Armour
 c - a +0 shield (worn)
 h - the +1 pair of boots of Valour (worn) {rPois rN+ Regen+ Int-2}
   (You acquired it on level 6 of the Lair of Beasts)

   It affects your intelligence (-2).
   It protects you from poison.
   It protects you from negative energy.
   It increases your rate of regeneration.
 o - a +2 cloak (worn)
 y - a +2 plate armour of cold resistance (worn)
 W - a +1 hat of see invisible (worn)
 Z - a +0 pair of gloves of dexterity (worn)
Jewellery
 x - an amulet of the gourmand (around neck)
 B - an uncursed ring of protection from cold
 V - the ring of Elusaopn (left hand) {+Blink rElec rF- Int+2}
   (You found it in a labyrinth)

   [ring of intelligence]

   It affects your intelligence (+2).
   It makes you vulnerable to fire.
   It insulates you from electricity.
   It lets you blink.
Wands
 K - a wand of iceblast (0/15)
 L - a wand of polymorph (14/24)
 T - a wand of digging (15/24)
 Y - a wand of teleportation (7/9)
Scrolls
 e - 5 scrolls of immolation
 m - 9 scrolls of remove curse
 n - 6 scrolls of magic mapping
 t - 2 scrolls of fear
 z - 3 scrolls of teleportation
 D - a scroll of holy word
 O - 2 scrolls of fog
Potions
 d - 6 potions of might
 j - 6 potions of agility
 l - 4 potions of haste
 q - 6 potions of brilliance
 v - 12 potions of flight
 w - 2 potions of invisibility
 A - 9 potions of curing
 C - 2 potions of magic
 G - a potion of cancellation
 H - a potion of lignification
 I - 4 potions of heal wounds
 J - 2 potions of resistance
 M - 2 potions of ambrosia
 N - a potion of berserk rage
Books
 a - a book of Ice

   Spells                             Type                      Level
   a - Ice Form                       Ice/Transmutation            4
   b - Metabolic Englaciation         Hexes/Ice                    5
   c - Ozocubu's Refrigeration        Ice                          6
   d - Bolt of Cold                   Conjuration/Ice              6
   e - Freezing Cloud                 Conjuration/Ice/Air          6
   f - Simulacrum                     Ice/Necromancy               6
 g - a manual of Fighting
 S - a book of Spatial Translocations

   Spells                             Type                      Level
   a - Blink                          Translocation                2
   b - Shroud of Golubria             Charms/Translocation         2
   c - Lesser Beckoning               Translocation                3
   d - Portal Projectile              Translocation                3
   e - Teleport Other                 Translocation                3
   f - Passage of Golubria            Translocation                4
Miscellaneous
 F - a fan of gales
 P - a phial of floods
Comestibles
 b - 13 royal jellies
 f - 11 bread rations
 k - 9 beef jerkies
 s - 7 meat rations
 u - 20 fruits
 X - 6 slices of pizza


   Skills:
 + Level 18.5 Fighting
 - Level 16.4 Long Blades
 + Level 15.0 Armour
 + Level 14.8 Shields
 - Level 2.1 Translocations
 * Level 3.1 Invocations
 - Level 10.0 Evocations


You had 13 spell levels left.
You knew the following spells:

 Your Spells              Type           Power        Failure   Level  Hunger
a - Blink                 Tloc           N/A          100%        2    ###....


Dungeon Overview and Level Annotations

Branches:
Dungeon (15/15)            Temple (1/1) D:5            Lair (6/6) D:9
 Shoals (0/4) Lair:4       Spider (1/4) Lair:4        Slime (0/5) Lair:6
    Orc (2/2) D:9             Elf (0/3) Orc:2        Vaults (0/5) D:13
 Depths (0/5) D:15

Altars:
Ashenzari
Cheibriados
Dithmenos
Elyvilon
Fedhas
Gozag
Hepliaklqana
Kikubaaqudgha
Makhleb
Nemelex Xobeh
Okawaru
Qazlal
Ru
Sif Muna
Trog
Uskayaw
Vehumet
Xom
Yredelemnul
Zin
The Shining One
Beogh

Shops:
D:8 *   D:9 (   D:10 (   Orc:2 }(?!

Portals:
Hell: Lair:6
Pandemonium: Orc:2

Annotations:
D:3 Sigmund


Innate Abilities, Weirdness & Mutations

You reflexively headbutt those who attack you in melee.
You have a pair of horns on your head.


Message History

* * * LOW HITPOINT WARNING * * *
The jumping spider bites you but does no damage.
You block the jumping spider's attack. x2
The wolf spider hits you but does no damage.
The wolf spider completely misses you.
The orb spider spins a strand of pure energy.
The jumping spider leaps!
The jumping spider leaps!
The orb spider weaves a glowing orb of energy.
The wolf spider hits you!
* * * LOW HITPOINT WARNING * * *
The wolf spider bites you.
* * * LOW HITPOINT WARNING * * *
An orb of destruction comes into view.
You see here 25 stones.
The jumping spider leaps!
The wolf spider hits you.
* * * LOW HITPOINT WARNING * * *
You block the wolf spider's attack.
The jumping spider leaps!
The wolf spider hits you!
You die...

### ### ###.## #..##
###....## #..(# ##....<§.#
##...# #........### ##....##
######..^.....#
#......###...#........##
#........#...s.........#
...#......s..s..@#...?.##
.............§ss.#......#
...............§§#.....##
........%....s...§....##
...........^).........###
#......#................#
##..>.%§........#.^....#####
#.......................^..#
##.##...............[......##


You could see a wolf spider, 3 orb spiders and 2 jumping spiders.

Vanquished Creatures
  Rupert (Lair:4)
  A tengu reaver (D:13)
  The ghost of taheo the Executioner, a journeyman HOBe of Trog (Orc:2)
  A dire elephant (Lair:6)
  A minotaur (Lab)
  A vault guard (D:13)
  Fannar (D:12)
  Erolcha (D:9)
  9 hydras
  2 centaur warriors (D:15)
  A catoblepas (D:13)
  An ogre mage (D:15)
  6 death yaks (Lair:6)
  8 orc high priests (Orc:2)
  A deep troll earth mage (D:13)
  The ghost of toffzen the Arsonist, a novice DEFE of Vehumet (D:10)
  A sun demon (Lair:6)
  2 unseen horrors
  A torturous demonspawn (Orc:2)
  An infernal demonspawn (Orc:2)
  A wizard (Lair:6)
  5 orc knights (Orc:2)
  Pikel (D:6)
  9 hill giants
  5 ugly things
  2 orb spiders (Spider:1)
  The ghost of vuolankoinen the Covert, a novice FeWn of Uskayaw (Lab)
  A cyclops (D:11)
  7 wolf spiders
  An oklob plant (Lair:6)
  6 orc sorcerers (Orc:2)
  A deep elf mage (D:13)
  6 black mambas
  10 elephants
  A water nymph (shapeshifter) (D:15)
  14 spiny frogs
  5 orange demons
  A torpor snail (Lair:5)
  2 smoke demons
  6 gargoyles
  2 kobold demonologists
  A freezing wraith (D:13)
  2 demonic crawlers (Spider:1)
  8 komodo dragons
  A rime drake (Lair:6)
  5 ice devils
  3 hellwings
  2 red devils (Orc:2)
  A merfolk (D:10)
  The ghost of karate69 the Chopper, an amateur HOMo (Ossuary)
  A polar bear (Lair:6)
  3 meliai (Spider:1)
  A queen bee (Spider:1)
  3 two-headed ogres
  2 tengu conjurers (D:13)
  9 jumping spiders (Spider:1)
  20 blink frogs
  3 hornets
  10 slime creatures
  5 trolls
  A harpy skeleton (D:15)
  10 hippogriffs
  6 tarantellas (Spider:1)
  2 vampires
  A ynoxinul (Orc:2)
  A shadow (D:11)
  A tarantella (shapeshifter) (D:15)
  2 wraiths
  15 redbacks (Spider:1)
  5 wyverns
  3 basilisks
  47 yaks
  A water elemental (D:11)
  2 wargs (Orc:2)
  2 mottled dragons
  2 vampire mosquitoes (D:12)
  A soldier ant (D:12)
  A hell hound (Lair:6)
  Duvessa (D:7)
  Edmund (D:5)
  15 water moccasins
  10 porcupines
  27 orc warriors
  7 ice beasts
  2 sky beasts
  2 black bears
  7 phantoms
  13 ogres
  6 boggarts
  11 wolves
  8 centaurs
  21 crocodiles
  Blork the orc (D:5)
  5 big kobolds
  A gnoll sergeant (D:12)
  2 wyvern zombies
  19 bullfrogs
  Dowan (D:7)
  4 scorpions
  22 killer bees
  16 wights
  6 howler monkeys
  4 electric eels
  9 crimson imps
  7 centaur zombies
  23 orc priests
  4 jellies
  A gnoll shaman (D:9)
  4 bullfrog skeletons
  5 hounds
  3 centaur skeletons
  Terence (D:3)
  10 worker ants
  5 iguanas
  15 orc wizards
  A human simulacrum (D:12)
  3 hound skeletons
  8 mummies (Ossuary)
  Robin (D:3)
  A howler monkey zombie (D:6)
  A worker ant zombie (D:6)
  22 adders
  17 gnolls
  A howler monkey skeleton (D:11)
  3 shadow imps
  An ooze (D:7)
  An adder skeleton (D:7)
  An adder zombie (D:5)
  7 worms
  4 dart slugs
  4 leopard geckos
  79 orcs
  5 ball pythons
  5 giant cockroaches
  A gnoll zombie (Ossuary)
  17 goblins
  10 hobgoblins
  22 jackals
  3 quokkas
  9 bats
  8 frilled lizards
  2 jackal skeletons (D:4)
  21 kobolds
  4 kobold zombies (Ossuary)
  3 orc zombies (Ossuary)
  A quokka skeleton (D:4)
  10 rats
  4 fungi
  2 plants (Lair:4)
894 creatures vanquished.

Vanquished Creatures (others)
  A jumping spider (Spider:1)
  A yak (D:12)
  A jelly (D:6)
  An orc wizard (Orc:2)
  A human simulacrum (D:12)
  A jackal (D:6)
  16 fungi
  7 plants
29 creatures vanquished.

Grand Total: 923 creatures vanquished

Notes
Turn   | Place    | Note
-------+----------+-------------------------------------------
     0 | D:1      | Jynx the Minotaur Fighter began the quest for the Orb.
     0 | D:1      | Reached XP level 1. HP: 19/19 MP: 0/0
   268 | D:1      | Reached XP level 2. HP: 27/27 MP: 1/1
   426 | D:1      | Reached skill level 4 in Fighting
   538 | D:1      | Reached XP level 3. HP: 27/33 MP: 2/2
   937 | D:2      | Found a stormy altar of Qazlal.
  1120 | D:2      | Reached XP level 4. HP: 32/41 MP: 3/3
  1548 | D:2      | Reached skill level 5 in Long Blades
  1846 | D:3      | Noticed Sigmund
  1869 | D:3      | Noticed Terence
  1877 | D:3      | Killed Terence
  1877 | D:3      | Reached skill level 5 in Fighting
  1877 | D:3      | Reached XP level 5. HP: 34/48 MP: 4/4
  2150 | D:3      | Noticed Robin
  2165 | D:3      | Killed Robin
  2217 | D:3      | Found an ancient bone altar of Kikubaaqudgha.
  2937 | D:4      | Reached XP level 6. HP: 56/56 MP: 5/5
  3228 | D:4      | Found a shadowy altar of Dithmenos.
  3534 | D:5      | Entered Level 5 of the Dungeon
  3564 | D:5      | Reached skill level 6 in Fighting
  3663 | D:5      | Reached XP level 7. HP: 63/63 MP: 6/6
  3680 | D:5      | Found a staircase to the Ecumenical Temple.
  3685 | Temple   | Entered the Ecumenical Temple
  3724 | Temple   | Became a worshipper of Warmaster Okawaru
  3782 | D:5      | Noticed Blork the orc
  3793 | D:5      | Killed Blork the orc
  4050 | D:5      | Reached * piety under Okawaru
  4050 | D:5      | Reached skill level 7 in Fighting
  4074 | D:5      | Noticed Edmund
  4086 | D:5      | Killed Edmund
  4176 | D:5      | Reached XP level 8. HP: 73/73 MP: 7/7
  4272 | D:5      | Reached skill level 10 in Long Blades
  4275 | D:5      | Found a glowing golden altar of the Shining One.
  4277 | D:5      | Noticed an angel
  4308 | D:5      | Found a basalt altar of Yredelemnul.
  4517 | D:6      | Reached skill level 8 in Fighting
  4704 | D:6      | Reached ** piety under Okawaru
  4735 | D:6      | Noticed Pikel
  4771 | D:6      | Killed Pikel
  4771 | D:6      | Reached skill level 9 in Fighting
  4771 | D:6      | Reached XP level 9. HP: 29/83 MP: 5/8
  5203 | D:6      | Reached *** piety under Okawaru
  5303 | D:6      | Found a snail-covered altar of Cheibriados.
  5576 | D:7      | Noticed Duvessa
  5595 | D:7      | Noticed Dowan
  5606 | D:7      | Killed Duvessa
  5632 | D:7      | Killed Dowan
  5999 | D:7      | Found a white marble altar of Elyvilon.
  6422 | D:7      | Reached skill level 10 in Fighting
  7007 | D:8      | Reached **** piety under Okawaru
  7041 | D:8      | Reached XP level 10. HP: 59/94 MP: 9/9
  7219 | D:8      | Found a sand-covered staircase.
  7223 | Ossuary  | Entered an ossuary
  7289 | Ossuary  | Noticed karate69's ghost (amateur HOMo)
  7296 | Ossuary  | Killed karate69's ghost
  7491 | D:8      | Found a burning altar of Makhleb.
  7567 | D:8      | Found Wybli's Assorted Antiques.
  7955 | D:9      | Found a staircase to the Lair.
  8032 | D:9      | Found a deep blue altar of Sif Muna.
  8040 | D:9      | Found a sacrificial altar of Ru.
  8043 | D:9      | Found a hide-covered altar of Uskayaw.
  8046 | D:9      | Found a sparkling altar of Nemelex Xobeh.
  8059 | D:9      | Noticed Erolcha
  8066 | D:9      | Killed Erolcha
  8066 | D:9      | Reached skill level 11 in Fighting
  8116 | D:9      | Found Fyxzol's Weapon Shoppe.
  8121 | D:9      | Bought the +5 scimitar of the Gloaming {slice, Fragile rF++ Dex+3} for 618 gold pieces
  8137 | D:9      | Found a staircase to the Orcish Mines.
  8147 | D:9      | Found a roughly hewn altar of Beogh.
  8159 | D:9      | Reached skill level 5 in Armour
  8335 | D:9      | Reached skill level 5 in Shields
  8378 | D:9      | Reached ***** piety under Okawaru
  8495 | D:10     | Entered Level 10 of the Dungeon
  8568 | D:10     | Noticed toffzen's ghost (novice DEFE)
  8576 | D:10     | Reached skill level 1 in Evocations
  8582 | D:10     | Killed toffzen's ghost
  8589 | D:10     | Found Wekhliuni's Weapon Shoppe.
  8737 | D:10     | Noticed a hill giant
  8737 | D:10     | Noticed a hill giant
  8741 | D:10     | Received a gift from Okawaru
  8741 | D:10     | Reached XP level 11. HP: 104/104 MP: 11/11
  8753 | D:10     | Killed a hill giant
  8759 | D:10     | Killed a hill giant
  9023 | D:10     | Noticed a hill giant
  9031 | D:10     | Killed a hill giant
  9031 | D:10     | Reached skill level 12 in Fighting
  9093 | D:10     | Noticed a hill giant
  9099 | D:10     | Killed a hill giant
  9206 | D:10     | Reached skill level 15 in Long Blades
  9457 | D:11     | Noticed an unseen horror
  9465 | D:11     | Killed an unseen horror
  9800 | D:11     | Noticed a hill giant
  9812 | D:11     | Killed a hill giant
 10480 | D:11     | Noticed a hill giant
 10489 | D:11     | Killed a hill giant
 10652 | Lair:1   | Entered Level 1 of the Lair of Beasts
 10709 | Lair:1   | Reached XP level 12. HP: 113/113 MP: 14/14
 10733 | Lair:1   | Reached ****** piety under Okawaru
 10933 | Lair:1   | Reached skill level 5 in Evocations
 11498 | Lair:1   | Received a gift from Okawaru
 11506 | Lair:1   | Reached skill level 13 in Fighting
 11509 | Lair:1   | Got a translucent falchion {god gift}
 12711 | Lair:3   | Received a gift from Okawaru
 12718 | Lair:3   | Got a pitted long sword {god gift}
 12728 | Lair:3   | Noticed an eight-headed hydra
 12744 | Lair:3   | Killed a 13-headed hydra
 13288 | Lair:3   | Reached skill level 10 in Armour
 13288 | Lair:3   | Reached XP level 13. HP: 81/122 MP: 16/16
 13452 | Lair:3   | Reached skill level 10 in Shields
 13649 | Lair:3   | Received a gift from Okawaru
 14162 | Lair:4   | Noticed Rupert
 14184 | Lair:4   | Killed Rupert
 14494 | Lair:4   | Found a staircase to the Shoals.
 14619 | Lair:4   | Found a hole to the Spider Nest.
 14969 | Lair:5   | Reached skill level 14 in Fighting
 15112 | Lair:5   | Identified the +7 long sword of Teorosut {drain, rF+ Str+4 Dex+4} (Okawaru gifted it to you on level 3 of the Lair of Beasts)
 15937 | Lair:6   | Entered Level 6 of the Lair of Beasts
 16019 | Lair:5   | Received a gift from Okawaru
 16374 | Lair:6   | HP: 3/125 [death yak (14)]
 17072 | Lair:6   | Reached XP level 14. HP: 92/133 MP: 19/19
 17273 | Lair:6   | Found a staircase to the Slime Pits.
 17976 | Lair:6   | Received a gift from Okawaru
 18266 | Lair:6   | Found a burning altar of Makhleb.
 18659 | Lair:6   | Found a gateway to Hell.
 18680 | Lair:6   | Identified a scroll of acquirement
 18683 | Lair:6   | Got a pair of heavily runed boots
 18694 | Lair:6   | Identified the +1 pair of boots of Valour {rPois rN+ Regen+ Int-2} (You acquired it on level 6 of the Lair of Beasts)
 18801 | Lair:5   | Reached skill level 15 in Fighting
 19047 | Orc:1    | Entered Level 1 of the Orcish Mines
 19323 | Orc:2    | Entered Level 2 of the Orcish Mines
 19587 | Orc:2    | Noticed taheo's ghost (journeyman HOBe)
 19617 | Orc:2    | Killed taheo's ghost
 19617 | Orc:2    | Received a gift from Okawaru
 19985 | Orc:2    | Found a staircase to the Elven Halls.
 20202 | Orc:2    | Found Kunuafuc's Distillery.
 20204 | Orc:2    | Found Xiroror's Magic Scroll Boutique.
 20239 | Orc:2    | HP: 4/135 [smoke demon/divine providence (13)]
 21081 | Orc:2    | Received a gift from Okawaru
 21404 | Orc:2    | Reached skill level 16 in Fighting
 21419 | Orc:2    | Reached XP level 15. HP: 105/144 MP: 21/21
 21695 | Orc:2    | Found Iqautaheuts's Gadget Shoppe.
 21695 | Orc:2    | Found a one-way gate leading to the halls of Pandemonium.
 21695 | Orc:2    | Found Jong's Antique Weapon Emporium.
 22125 | D:12     | Reached skill level 10 in Evocations
 22199 | D:12     | Noticed Fannar
 22214 | D:12     | Killed Fannar
 22276 | D:12     | Identified the +7 falchion of Dominance {venom, rN+} (Okawaru gifted it to you on level 1 of the Lair of Beasts)
 22439 | D:12     | Learned a level 2 spell: Blink
 23035 | D:13     | Noticed a tengu reaver
 23050 | D:13     | Killed a tengu reaver
 23053 | D:13     | Reached skill level 1 in Translocations
 23334 | D:13     | Found an opulent altar of Gozag.
 23561 | D:13     | Reached skill level 17 in Fighting
 23563 | D:13     | Found a gate to the Vaults.
 24228 | D:14     | Found a labyrinth entrance.
 24238 | Lab      | Entered a labyrinth
 24494 | Lab      | Noticed vuolankoinen's ghost (novice FeWn)
 24510 | Lab      | Killed vuolankoinen's ghost
 24642 | Lab      | Got a scintillating wooden ring
 24654 | D:14     | Identified the ring of Elusaopn {+Blink rElec rF- Int+2} (You found it in a labyrinth)
 24858 | D:15     | Entered Level 15 of the Dungeon
 25308 | D:15     | Found a staircase to the Depths.
 25758 | D:15     | HP: 6/148 [18-headed hydra (7)]
 25758 | D:15     | HP: 2/148 [18-headed hydra (4)]
 26410 | D:15     | Reached skill level 18 in Fighting
 26980 | Spider:1 | Entered Level 1 of the Spider Nest
 26987 | Spider:1 | Received a gift from Okawaru
 27053 | Spider:1 | HP: 6/149 [killer bee (3)]
 27278 | Spider:1 | Reached skill level 1 in Invocations
 27309 | Spider:1 | Reached skill level 15 in Armour
 27313 | Spider:1 | Reached XP level 16. HP: 149/159 MP: 22/22
 27913 | Spider:1 | Slain by a wolf spider

Skill      XL: |  1  2  3  4  5  6  7  8  9 10 11 12 13 14 15 16 |
---------------+-------------------------------------------------+-----
Long Blades    | 3 4 5 6 7 9 11 13 14 15 16 | 16.4
Fighting       | 4 5 6 7 9 10 11 12 13 14 16 18 | 18.5
Armour         | 5 8 10 11 13 15 | 15.0
Shields        | 6 8 9 11 13 14 | 14.8
Evocations     | 2 4 6 8 9 10 | 10.0
Translocations | 2 |  2.1
Invocations    | 1 3 |  3.1

Action                   |  1- 3 |  4- 6 |  7- 9 | 10-12 | 13-15 | 16-18 || total
-------------------------+-------+-------+-------+-------+-------+-------++-------
Melee: Long sword        |   131 |   203 |   337 |   109 |       |       ||   780
       Headbutt          |    15 |    31 |    75 |   180 |   492 |    30 ||   823
       Unarmed           |       |    12 |       |       |       |       ||    12
       Punch             |       |       |     1 |     3 |       |       ||     4
       Scimitar          |       |       |       |   527 |  1521 |    98 ||  2146
Invok: Heroism           |       |       |     3 |     6 |    37 |     2 ||    48
       Finesse           |       |       |       |       |     4 |       ||     4
 Abil: Evoke Blink       |       |       |       |       |     5 |       ||     5
Evoke: Wand              |       |       |       |       |     5 |       ||     5
  Use: Scroll            |     2 |    14 |     5 |    14 |    21 |       ||    56
       Potion            |       |       |     1 |       |     4 |       ||     5
 Stab: Petrified         |       |       |       |       |     4 |       ||     4
  Eat: Chunk             |     1 |     4 |    15 |    28 |    45 |     3 ||    96
Armor: Scale mail        |    84 |   150 |   138 |   210 |   286 |       ||   868
       Skin              |       |     7 |       |       |       |       ||     7
       Plate armour      |       |       |       |       |   413 |   141 ||   554
Dodge: Dodged            |    35 |   106 |   150 |   154 |   427 |    61 ||   933
Block: Shield            |    81 |    18 |       |   186 |   920 |   139 ||  1344
       Rpst.: Long sword |    11 |    19 |    28 |    10 |       |       ||    68
       Scimitar          |       |       |       |    25 |    90 |     7 ||   122
